 Dungeon Crawl Stone Soup version 0.22.0-36-g8e74550d25 (webtiles) character file.

88 Esekla the Conjurer (level 4, -3/23 HPs)
             Began as a Vine Stalker Conjurer on Aug 24, 2018.
             Slain by a sky beast (6 damage)
             ... on level 2 of the Dungeon.
             The game lasted 00:12:00 (1091 turns).

Esekla the Conjurer (Vine Stalker Conjurer)         Turns: 1091, Time: 00:12:01

Health: -3/23      AC:  2    Str: 10    XL:     4   Next: 53%
Magic:  0/8        EV: 12    Int: 16    God:
Gold:   57         SH:  0    Dex: 15    Spells: 1/7 levels left

rFire    . . .     SeeInvis .   h - +0 dagger (venom)
rCold    . . .     Gourm    .   (no shield)
rNeg     . . .     Faith    .   a - +0 robe
rPois    .         Spirit   +   (no helmet)
rElec    .         Reflect  .   (no cloak)
rCorr    .         Harm     .   (no gloves)
MR       .....                  (no boots)
Stlth    ++........             (no amulet)
HPRegen  0.47/turn              (no ring)
MPRegen  0.11/turn              (no ring)

@: no status effects
A: fangs 2, regeneration 1, magic shield, antimagic bite, no potion heal 3, rot
immunity
a: no special abilities


You were on level 2 of the Dungeon.
You were not hungry.

You visited 1 branch of the dungeon, and saw 2 of its levels.

You collected 57 gold pieces.

Inventory:

Hand Weapons
 h - a +0 dagger of venom (weapon)
Armour
 a - a +0 robe (worn)
Scrolls
 b - a scroll of amnesia {unknown}
 d - a scroll of teleportation {unknown}
 e - a scroll of identify {unknown}
 f - a scroll of immolation {unknown}
 g - 2 scrolls of enchant weapon {unknown}
Potions
 i - a potion of cancellation {unknown}
Comestibles
 c - 2 rations


   Skills:
 + Level 2.5 Fighting
 * Level 2.3 Short Blades
 - Level 1.5 Dodging
 - Level 2.4 Stealth
 + Level 2.1 Spellcasting
 - Level 4.0 Conjurations


You had one spell level left.
You knew the following spells:

 Your Spells              Type           Power        Failure   Level  Hunger
a - Magic Dart            Conj           ##..         4%          1    #......
b - Searing Ray           Conj           ##....       6%          2    ###....
c - Dazzling Spray        Conj/Hex       #.....       26%         3    ###....

Your spell library contained the following spells:

 Spells                   Type           Power        Failure   Level  Hunger
 Iskenderun's Mystic Bla  Conj           ##......     36%         4    #####..
 Force Lance              Conj/Tloc      #.......     65%         4    #####..
 Fulminant Prism          Conj/Hex       #.........   65%         4    #####..


Dungeon Overview and Level Annotations

Branches:
Dungeon (2/15)

Altars:
Fedhas


Innate Abilities, Weirdness & Mutations

You have extremely sharp teeth.
Your natural rate of healing is unusually fast.
When hurt, damage is shared between your health and your magic reserves.
Your bite disrupts and absorbs the magic of your enemies.
Potions cannot restore your health.
You are immune to rotting.


Message History

Confirm with . or Enter, or press ? or * to list all spells.
Aiming: Searing Ray (safe; 6% risk of failure)
Press: ? - help, Shift-Dir - straight line, f - sky beast
Aim: a sky beast The searing ray hits the sky beast.
The sky beast is lightly wounded. (Press . to maintain the ray.)
The sky beast misses you.
The searing ray misses the sky beast.
The sky beast hits you. The sky beast shocks you.
The searing ray hits the sky beast.
The sky beast is moderately wounded.
The sky beast hits you. The sky beast shocks you.
* * * LOW HITPOINT WARNING * * *
You hit the sky beast.
The sky beast is poisoned.
The sky beast is moderately wounded.
The sky beast hits you.
* * * LOW HITPOINT WARNING * * *
The sky beast shocks you.
You die...

#......###### #.####......#
#.####.####.## #.#..........†
######.#.##.####.##
..##....##......# #+#
#.##.......####### #.. #.#
#Y##.####### #.
#....###.###@##.# #.
#....+.._###.##.# ##########.
#....###.###....# #.......###
#####....# #.# #....# #.......#
.........###'###.#..###.......#
..............................#
.................#..###.......#
#.......#.........# #.......#
#.......###)##.##.# #.......#


You could see a sky beast.

Vanquished Creatures
  4 adders (D:2)
  An ooze (D:1)
  4 bats (D:1)
  3 giant cockroaches
  5 hobgoblins
  9 jackals
  5 kobolds
  A ball python (D:1)
  2 frilled lizards (D:1)
  6 goblins
  A rat (D:1)
41 creatures vanquished.

Notes
Turn   | Place    | Note
-------+----------+-------------------------------------------
     0 | D:1      | Esekla the Vine Stalker Conjurer began the quest for the Orb.
     0 | D:1      | Reached XP level 1. HP: 9/9 MP: 4/4
    96 | D:1      | Reached skill level 1 in Fighting
   106 | D:1      | Reached XP level 2. HP: 5/14 MP: 1/6
   193 | D:1      | Learned a level 2 spell: Searing Ray
   234 | D:1      | Reached XP level 3. HP: 7/18 MP: 3/7
   419 | D:1      | Reached skill level 1 in Short Blades
   467 | D:2      | Noticed a sky beast
   478 | D:2      | Found a blossoming altar of Fedhas.
   818 | D:2      | Gained mutation: Your natural rate of healing is unusually fast. [Vine Stalker growth]
   818 | D:2      | Reached XP level 4. HP: 18/23 MP: 3/8
  1044 | D:2      | Learned a level 3 spell: Dazzling Spray
  1091 | D:2      | Slain by a sky beast

Skill      XL: |  1  2  3  4 |
---------------+-------------+-----
Fighting       | 1 2 |  2.5
Short Blades   | 1 2 |  2.3
Dodging        | |  1.5
Stealth        | |  2.4
Spellcasting   | |  2.1
Conjurations   | |  4.0

Action                   |  1- 3 |  4- 6 || total
-------------------------+-------+-------++-------
Melee: Short sword       |    45 |     6 ||    51
       Bite              |     9 |     3 ||    12
       Dagger            |       |    14 ||    14
 Cast: Magic Dart        |    26 |     5 ||    31
       Searing Ray       |     3 |     3 ||     6
 Stab: Sleeping          |     6 |       ||     6
  Eat: Ration            |       |     1 ||     1
Armor: Robe              |    19 |     2 ||    21
Dodge: Dodged            |    42 |    17 ||    59
